 Dungeon Crawl Stone Soup version 0.27-a0-906-g0a00ce863d (webtiles) character file.

Game seed: 14800037439458087096

129 kae the Insei (level 4, -4/35 HPs)
             Began as a Demonspawn Gladiator on Apr 6, 2021.
             Slain by Sigmund
             ... wielding a +0 scythe
              (11 damage)
             ... on level 2 of the Dungeon.
             The game lasted 00:01:19 (2469 turns).

kae the Insei (Demonspawn Gladiator)                Turns: 2469, Time: 00:01:19

Health: -4/35      AC:  7    Str: 14 (15) XL:     4   Next: 88%
Magic:  4/4        EV: 12    Int:  7 (9)  God:
Gold:   70         SH:  0    Dex: 13 (15) Spells: 3/3 levels left

rFire    . . .     SeeInvis .     - Unarmed
rCold    . . .     Faith    .   (no shield)
rNeg     . . .     Spirit   .   a - +1 leather armour
rPois    .         Reflect  .   b - +0 helmet
rElec    .         Harm     .   (no cloak)
rCorr    .         Rampage  .   (no gloves)
Will     .....                  (no boots)
Stlth    +.........             (no amulet)
HPRegen  0.11/turn              (no ring)
MPRegen  0.18/turn              (no ring)

@: no status effects
A: yellow scales 1, spiny 1, magic regeneration
a: no special abilities


You were on level 2 of the Dungeon.
You visited 1 branch of the dungeon, and saw 2 of its levels.

You collected 70 gold pieces.

Inventory:

Missiles
 c - 3 throwing nets (quivered)
Armour
 a - a +1 leather armour (worn)
 b - a +0 helmet (worn)
Potions
 d - a potion of flight


   Skills:
 + Level 3.0 Fighting
 - Level 1.7 Throwing
 + Level 3.4 Dodging
 * Level 4.1 Unarmed Combat


You had 3 spell levels left.
You didn't know any spells.
Your spell library was empty.

Dungeon Overview and Level Annotations

Branches:
Dungeon (2/15)

Altars:

Annotations:
D:2 Sigmund


Innate Abilities, Weirdness & Mutations

You are partially covered in yellow scales. (AC +2)
You are partially covered in sharp spines.
You regenerate magic rapidly.


Message History

Sigmund is moderately wounded.
Sigmund hits you but does no damage.
You hit Sigmund.
Sigmund is moderately wounded.
Sigmund hits you with a +0 scythe!
* * * LOW HITPOINT WARNING * * *
It was a potion of magic.
Magic courses through your body. Sigmund barely misses you.
It was a potion of degeneration.
There was something very wrong with that liquid.
You feel weakened.
You feel dopey.
You feel clumsy. Sigmund casts a spell at you. The magic dart hits you.
* * * LOW HITPOINT WARNING * * *
It was a potion of heal wounds.
You feel much better. Sigmund hits you with a +0 scythe.
It was a potion of cancellation.
You feel magically purged. Sigmund is struck by your spines.
Sigmund hits you with a +0 scythe!
As you read the scroll labelled OLAITU LOTUDY, it crumbles to dust.
It is a scroll of enchant armour.
Your +0 leather armour glows green for a moment.
Sigmund hits you with a +0 scythe!
* * * LOW HITPOINT WARNING * * *
You punch Sigmund!
Sigmund is severely wounded.
Sigmund drinks a potion.
Sigmund is healed!
You closely miss Sigmund. Sigmund barely misses you.
You hit Sigmund but do no damage. Sigmund is struck by your spines.
Sigmund closely misses you.
You hit Sigmund but do no damage.
Sigmund is lightly wounded.
Sigmund is struck by your spines. Sigmund closely misses you.
You hit Sigmund.
Sigmund is lightly wounded.
Sigmund flickers, as though insubstantial.
Sigmund barely misses you.
You hit Sigmund.
Sigmund is moderately wounded.
Sigmund is struck by your spines. Sigmund hits you with a +0 scythe!
You die...

#.# #.# #..###.####. #.#
#.####........... #.#
#...............# #.##.####
###########.##### #.......#
#.# ####.##.# #.# #.##.#
#.# ##
#.##.################.####.
#........?@@...............
#..#.#..#######.#####.....♣
#.......# #...... ##.#.#.##
#...♣.. #..$..# .........
###.... #####..... #####
#..♣.. ##.... #...♣


You could see Sigmund.

Vanquished Creatures
  Jessica (D:2)
  Natasha (D:2)
  2 adders (D:2)
  6 dart slugs
  An endoplasm (D:1)
  2 giant cockroaches
  5 goblins
  3 hobgoblins (D:1)
  9 jackals
  3 quokkas
  3 ball pythons
  5 bats
  5 frilled lizards
  A kobold (D:1)
  A rat (D:1)
48 creatures vanquished.

Vanquished Creatures (others)
  A plant (D:1)
  5 toadstools (D:1)
6 creatures vanquished.

Grand Total: 54 creatures vanquished

Notes
Turn   | Place    | Note
-------+----------+-------------------------------------------
     0 | D:1      | kae the Demonspawn Gladiator began the quest for the Orb.
     0 | D:1      | Reached XP level 1. HP: 16/16 MP: 1/1
   403 | D:1      | Reached skill level 3 in Unarmed Combat
   403 | D:1      | Gained mutation: You are partially covered in yellow
                  | scales. (AC +2) [demonic ancestry]
   403 | D:1      | Reached XP level 2. HP: 9/22 MP: 2/2
  1059 | D:1      | Gained mutation: You regenerate magic rapidly. [demonic
                  | ancestry]
  1059 | D:1      | Reached XP level 3. HP: 22/28 MP: 3/3
  1943 | D:2      | Gained mutation: You are partially covered in sharp spines.
                  | [demonic ancestry]
  1943 | D:2      | Reached XP level 4. HP: 32/34 MP: 4/4
  2030 | D:2      | Noticed Natasha
  2058 | D:2      | Killed Natasha
  2175 | D:2      | Noticed Jessica
  2181 | D:2      | Killed Jessica
  2182 | D:2      | Reached skill level 4 in Unarmed Combat
  2447 | D:2      | Noticed Sigmund
  2469 | D:2      | Slain by Sigmund

Illustrated notes

Levels and vault maps discovered:
D:1:      ldierk_walled_garden, layout_loops_cross, minivault_5
D:2:      kennysheep_six_static_rooms, layout_loops_ring,
          minmay_misc_feat_plants, uniq_sigmund, uniq_jessica, uniq_natasha

Skill      XL: |  1  2  3  4 |
---------------+-------------+-----
Unarmed Combat | 3 4 |  4.1
Dodging        | 3 |  3.4
Fighting       | 3 |  3.0
Throwing       | |  1.7

Action                   |  1- 3 |  4- 6 || total
-------------------------+-------+-------++-------
Melee: Unarmed           |   149 |    32 ||   181
       Punch             |     1 |     1 ||     2
  Use: Scroll            |     2 |     4 ||     6
       Potion            |       |     4 ||     4
Armor: Leather armour    |    59 |     6 ||    65
Dodge: Dodged            |    96 |    19 ||   115

Table legend: (Time is in decaauts)
 A = Elapsed time spent in this place.
 B = Non-inter-level travel time spent in this place.
 C = Inter-level travel time spent in this place.
 D = Time resting spent in this place.
 E = Time spent auto-exploring this place.
 F = Levels seen in this place.
 G = Mean time per level.
                   A        B        C        D        E       F      G
               +--------+--------+--------+--------+--------+-----+--------+
         Total |   2468 |   2433 |     35 |    118 |   1959 |   2 | 1234.0 |
       Dungeon |   2468 |   2433 |     35 |    118 |   1959 |   2 | 1234.0 |
               +--------+--------+--------+--------+--------+-----+--------+

Top non-repeatable levels by time:
     D:1: 1640 daAuts
     D:2: 828 daAuts
